 Dungeon Crawl Stone Soup version 0.20-a0-1086-g4bd2f5b (webtiles) character file.

9155 kuniqs the Commander (level 11, -5/84 HPs)
             Began as a Demonspawn Fighter on May 1, 2017.
             Was a High Priest of Okawaru.
             Slain by a chaos spawn (6 damage)
             ... on level 2 of the Abyss.
             The game lasted 00:16:14 (10605 turns).

kuniqs the Commander (Demonspawn Fighter)          Turns: 10605, Time: 00:16:15

Health: -5/84      AC: 11    Str: 17    XL:     11   Next: 19%
Magic:  17/17      EV: 16    Int:  8    God:    Okawaru [*****.]
Gold:   388        SH: 11    Dex: 15    Spells: 10/10 levels left

rFire    . . .     SeeInvis .   B - +3 scimitar (flame)
rCold    . . .     Gourm    .   c - +0 shield
rNeg     . . .     Faith    .   b - +0 scale mail
rPois    .         Spirit   .   (no helmet)
rElec    .         Reflect  .   G - +0 cloak
rCorr    .         Harm     .   (no gloves)
MR       .....     Clarity  +   (no boots)
Stlth    ..........             m - amulet of rage
Regen    0.3/turn               i - +2 ring of evasion
MPRegen  0.2/turn               A - +2 ring of evasion

@: no status effects
A: hooves 1, thin metallic scales 1, clarity, dopey 1, foul stench 1, spiny 1,
rot immunity
a: Heroism, Finesse, Renounce Religion, Evoke Berserk Rage


You were on level 2 of the Abyss.
You worshipped Okawaru.
Okawaru was extremely pleased with you.
You were hungry.

You visited 2 branches of the dungeon, and saw 12 of its levels.
You visited the Abyss 1 time.
You also visited: Ossuary.

You collected 548 gold pieces.
You spent 160 gold pieces at shops.

Inventory:

Hand Weapons
 k - a +1 dagger of venom
 B - a +3 scimitar of flaming (weapon)
Missiles
 g - a throwing net (quivered)
Armour
 b - a +0 scale mail (worn)
 c - a +0 shield (worn)
 G - a +0 cloak (worn)
Jewellery
 i - a +2 ring of evasion (left hand)
 m - an amulet of rage (around neck)
 A - a +2 ring of evasion (right hand)
Wands
 h - a wand of iceblast (9/15)
 o - a wand of disintegration (13/24)
 q - a wand of polymorph (0/24)
 x - a wand of acid (7/15)
 I - a wand of acid (4/15)
 L - a wand of flame (27/48)
Scrolls
 a - a scroll of identify {@r1}
 j - 3 scrolls of teleportation
 p - 2 scrolls of magic mapping
 u - 3 scrolls of fear
 w - 2 scrolls of recharging
 y - 5 scrolls of immolation
 z - 8 scrolls of remove curse {@r2}
 D - a scroll of amnesia {unknown}
Potions
 n - 2 potions of agility
 r - 2 potions of mutation
 s - a potion of invisibility
 C - a potion of ambrosia
 F - 2 potions of flight
 H - a potion of haste
 J - a potion of berserk rage
 K - 5 potions of might
Comestibles
 d - 3 bread rations
 e - 4 meat rations
 f - a fruit
 l - 2 royal jellies


   Skills:
 + Level 7.6 Fighting
 - Level 3.0(4.7) Short Blades
 + Level 5.7(6.0) Long Blades
   Level 2.1 Polearms
 + Level 7.3 Armour
 + Level 6.7 Dodging
 + Level 7.3 Shields
 + Level 8.2 Invocations


You had 10 spell levels left.
You didn't know any spells.

Dungeon Overview and Level Annotations

Branches:
Dungeon (11/15)            Temple (1/1) D:4            Lair (0/6) D:11
    Orc: D:9-12

Altars:
Ashenzari
Cheibriados
Dithmenos
Elyvilon
Fedhas
Gozag
Hepliaklqana
Kikubaaqudgha
Makhleb
Nemelex Xobeh
Okawaru
Qazlal
Ru
Sif Muna
Trog
Vehumet
Wu Jian
Xom
Yredelemnul
Zin

Shops:
D:8 !   D:10 =

Annotations:
D:11 Erolcha


Innate Abilities, Weirdness & Mutations

You have large cloven feet.
You are partially covered in thin metallic scales. (AC +2)
You may emit foul miasma when damaged in melee.
You are partially covered in sharp spines.
You are immune to rotting.
You possess an exceptional clarity of mind.
You are dopey. (Int -2)


Message History

You hit the ancient zyme. You burn the ancient zyme.
Your kick misses the ancient zyme. You block the ancient zyme's attack.
The ancient zyme hits you but does no damage.
You block the ancient zyme's attack. x2
You fail to use your ability.
The ancient zyme is struck by your spines.
The ancient zyme closely misses you.
You riposte.
You slash the ancient zyme! You burn the ancient zyme.
Your kick misses the ancient zyme. The ancient zyme hits you.
The chaos spawn gores you. The chaos spawn shocks you!
* * * LOW HITPOINT WARNING * * *
You barely miss the ancient zyme. Your kick misses the ancient zyme.
The ancient zyme hits you.
* * * LOW HITPOINT WARNING * * *
The ancient zyme hits you!
* * * LOW HITPOINT WARNING * * *
The chaos spawn hits you!
* * * LOW HITPOINT WARNING * * *
The chaos spawn shocks you.
You die...

.. .# . ..
..# .#. ###
.. # #..#..
.# . ##.#.##.
. . #.....##
. #
#x@4.#...##
.#
..###.#..#..#
. . ..#.#.###
. ###.#. .# .
##... . #. .
#. . ..... ##
.# . # ##.
#.#. ..... #
. #... .# # #


You could see an ancient zyme and a chaos spawn.

Vanquished Creatures
  Erica (D:9)
  A two-headed ogre (D:8)
  An unseen horror (D:10)
  Pikel (D:9)
  A deep elf mage (D:9)
  Joseph (D:8)
  2 centaur skeletons
  An ancient zyme (Abyss:2)
  A hippogriff (D:7)
  A vampire (D:10)
  A hungry ghost (D:7)
  Grum (D:8)
  Menkaure (D:4)
  2 water moccasins
  4 orc warriors
  2 black bears
  2 phantoms
  An eye of draining (D:8)
  2 ice beasts
  3 wolves (D:8)
  5 ogres
  5 centaurs
  6 bullfrogs
  3 scorpions
  4 wights (D:9)
  3 howler monkeys
  4 crimson imps
  4 centaur zombies
  4 hounds
  3 orc priests
  A jelly (D:7)
  2 bullfrog skeletons
  2 human zombies (Ossuary)
  4 iguanas
  10 orc wizards
  Natasha (thrice) (D:2)
  9 worker ants
  2 big kobold zombies (Ossuary)
  2 hound zombies (D:7)
  A hound skeleton (D:4)
  3 mummies (Ossuary)
  A worker ant zombie (D:7)
  7 adders
  3 gnolls (D:1)
  2 shadow imps
  2 ufetubi (Abyss:2)
  3 worms (D:3)
  4 dart slugs
  4 leopard geckos
  35 orcs
  6 giant cockroaches
  A gnoll zombie (Ossuary)
  5 goblins
  5 hobgoblins
  15 jackals
  4 quokkas
  5 bats
  2 frilled lizards
  A hobgoblin zombie (Ossuary)
  3 kobolds
  A leopard gecko zombie (D:9)
  A quokka skeleton (D:5)
  A quokka zombie (D:6)
  8 rats
229 creatures vanquished.

Vanquished Creatures (others)
  3 slaves (D:9)
  An orc (D:9)
4 creatures vanquished.

Grand Total: 233 creatures vanquished

Notes
Turn   | Place    | Note
-------+----------+-------------------------------------------
     0 | D:1      | kuniqs the Demonspawn Fighter began the quest for the Orb.
     0 | D:1      | Reached XP level 1. HP: 18/18 MP: 1/1
   411 | D:1      | Gained mutation: You have large cloven feet. [demonic ancestry]
   411 | D:1      | Reached XP level 2. HP: 16/24 MP: 2/2
   649 | D:1      | Reached skill level 1 in Dodging
   707 | D:1      | Gained mutation: You are immune to rotting. [demonic ancestry]
   707 | D:1      | Reached XP level 3. HP: 15/29 MP: 3/3
  1675 | D:2      | Found a glowing silver altar of Zin.
  1907 | D:2      | Noticed Natasha
  1917 | D:2      | Killed Natasha
  1917 | D:2      | Reached XP level 4. HP: 17/35 MP: 4/4
  2064 | D:2      | Noticed Natasha
  2079 | D:2      | Killed Natasha
  2301 | D:2      | Noticed Natasha
  2311 | D:2      | Killed Natasha
  2311 | D:2      | Gained mutation: You are partially covered in thin metallic scales. (AC +2) [demonic ancestry]
  2311 | D:2      | Reached XP level 5. HP: 29/41 MP: 5/5
  3019 | D:4      | Noticed Menkaure
  3078 | D:4      | Reached XP level 6. HP: 47/48 MP: 6/6
  3373 | D:4      | Killed Menkaure
  3373 | D:4      | Gained mutation: You are partially covered in sharp spines. [demonic ancestry]
  3373 | D:4      | Reached XP level 7. HP: 29/54 MP: 7/7
  3554 | D:4      | Found a staircase to the Ecumenical Temple.
  3596 | Temple   | Entered the Ecumenical Temple
  3616 | Temple   | Became a worshipper of Warmaster Okawaru
  4213 | D:5      | Entered Level 5 of the Dungeon
  4231 | D:5      | Found a sand-covered staircase.
  4236 | Ossuary  | Entered an ossuary
  4433 | Ossuary  | Reached skill level 1 in Invocations
  4680 | D:5      | Reached * piety under Okawaru
  4680 | D:5      | Reached skill level 2 in Invocations
  4698 | D:5      | Reached XP level 8. HP: 39/61 MP: 9/9
  4846 | D:5      | Found an opulent altar of Gozag.
  4923 | D:5      | Reached skill level 5 in Fighting
  5263 | D:6      | Reached skill level 5 in Armour
  5263 | D:6      | Reached skill level 3 in Invocations
  5397 | D:6      | Found a deep blue altar of Sif Muna.
  5408 | D:6      | Reached skill level 5 in Shields
  5978 | D:7      | Found a radiant altar of Vehumet.
  6128 | D:7      | Reached skill level 4 in Invocations
  6135 | D:7      | Reached ** piety under Okawaru
  6151 | D:7      | Gained mutation: You may emit foul miasma when damaged in melee. [demonic ancestry]
  6151 | D:7      | Reached XP level 9. HP: 52/69 MP: 9/12
  6525 | D:7      | Reached skill level 5 in Invocations
  6575 | D:7      | Reached skill level 5 in Long Blades
  6717 | D:8      | Noticed Joseph
  6729 | D:8      | Killed Joseph
  6729 | D:8      | Reached *** piety under Okawaru
  6729 | D:8      | Reached skill level 5 in Dodging
  6921 | D:8      | Found a radiant altar of Vehumet.
  6947 | D:8      | Noticed Grum
  6972 | D:8      | Killed Grum
  6972 | D:8      | Reached skill level 6 in Invocations
  7062 | D:8      | Found Jaojaimoemp's Distillery.
  7102 | D:8      | Gained mutation: You are dopey. (Int -2) [potion of mutation]
  7102 | D:8      | Gained mutation: You possess an exceptional clarity of mind. [potion of mutation]
  7153 | D:8      | Found a white marble altar of Elyvilon.
  7670 | D:8      | Found a basalt altar of Yredelemnul.
  7671 | D:8      | Found a bloodstained altar of Trog.
  7981 | D:9      | Noticed a two-headed ogre
  8106 | D:8      | Killed a two-headed ogre
  8106 | D:8      | Reached **** piety under Okawaru
  8106 | D:8      | Reached skill level 1 in Polearms
  8106 | D:8      | Reached XP level 10. HP: 55/77 MP: 1/14
  8230 | D:9      | Noticed Pikel
  8257 | D:9      | Killed Pikel
  8445 | D:9      | Noticed Erica
  8462 | D:9      | Killed Erica
  8462 | D:9      | Reached ***** piety under Okawaru
  8462 | D:9      | Reached skill level 1 in Short Blades
  8462 | D:9      | Reached skill level 7 in Invocations
  8479 | D:9      | Found a shadowy altar of Dithmenos.
  8551 | D:9      | Noticed a deep elf mage
  8562 | D:9      | Killed a deep elf mage
  8719 | D:9      | Found a hazy altar of Hepliaklqana.
  9093 | D:10     | Entered Level 10 of the Dungeon
  9322 | D:10     | Killed an unseen horror
  9643 | D:10     | Found Ifaukkeb's Jewellery Boutique.
  9650 | D:10     | Bought a +2 ring of evasion for 160 gold pieces
  9718 | D:10     | Reached XP level 11. HP: 75/84 MP: 13/16
  9790 | D:10     | Reached skill level 8 in Invocations
 10315 | D:11     | Found a staircase to the Lair.
 10322 | D:11     | Noticed Erolcha
 10347 | D:11     | Cast into level 2 of the Abyss (Erolcha)
 10496 | Abyss:2  | HP: 1/84 [ancient zyme (6)]
 10506 | Abyss:2  | Found a corrupted altar of Lugonu.
 10563 | Abyss:2  | Noticed a profane servitor
 10605 | Abyss:2  | HP: 1/84 [chaos spawn (8)]
 10605 | Abyss:2  | Slain by a chaos spawn

Vault maps used:
D:1:      saegor_arrival_simple_a, kennysheep_doodads
D:2:      tso_altar, marbit_many_paths, first_bread, roderic_serpentine_path,
          minmay_misc_feat_four_crosses, uniq_natasha, uniq_robin
D:4:      minmay_temple_entry_junction_2, uniq_menkaure
D:5:      lemuel_crystal_altar, nicolae_ossuary_entry_false_entrances,
          minmay_misc_feat_five
D:6:      old_standard_altar, serial_co_window_serial, co_window_corner_a,
          co_window_corner_a, co_window_paths_b, co_window_corner_a,
          co_window_paths_b, co_window_corner_a, co_window_2corner,
          co_window_corner_b, co_window_unsneaky_path_b, co_window_corner_cb,
          glass_columns_a, glass_columns_b, glass_columns_a
D:7:      basic_altar
D:8:      vehumet_altar_wand_db, gammafunk_temple_overflow_forgotten,
          serial_shops, shop, uniq_grum, uniq_joseph
D:9:      lemuel_coloured_pillars_altar,
          nicolae_dithmenos_through_a_glass_darkly, uniq_pikel, uniq_erica
D:10:     serial_shops, shop
D:11:     lair_entry_dummy, orc_0_dummy, uniq_erolcha
Temple:   minmay_temple_bridge_abc
Abyss:2:  evilmike_abyss_exit_7, evilmike_abyss_exit_17
Ossuary:  ossuary_crypta

Skill      XL: |  1  2  3  4  5  6  7  8  9 10 11 |
---------------+----------------------------------+-----
Armour         | 3 4 5 6 7 |  7.3
Dodging        | 1 2 3 4 5 6 |  6.7
Long Blades    | 2 3 4 5 |  5.7
Shields        | 3 4 5 6 7 |  7.3
Fighting       | 4 5 6 7 |  7.6
Invocations    | 2 4 6 7 8 |  8.2
Polearms       | 1 2 |  2.1
Short Blades   | 3 |  3.0

Action                   |  1- 3 |  4- 6 |  7- 9 | 10-12 || total
-------------------------+-------+-------+-------+-------++-------
Melee: Long sword        |    25 |     6 |    85 |       ||   116
       Dagger            |    72 |   140 |   280 |    10 ||   502
       Kick              |    19 |    51 |   151 |    92 ||   313
       Unarmed           |       |    18 |       |       ||    18
       Demon trident     |       |       |    47 |    55 ||   102
       Scimitar          |       |       |       |   184 ||   184
Invok: Heroism           |       |       |     2 |     1 ||     3
 Abil: Evoke Berserk Rag |       |       |     4 |     2 ||     6
  Use: Scroll            |       |       |    17 |     7 ||    24
       Potion            |       |       |     4 |     3 ||     7
  Eat: Chunk             |     3 |     5 |    17 |    10 ||    35
       Royal jelly       |       |       |     1 |       ||     1
Armor: Scale mail        |    61 |    44 |   108 |    55 ||   268
       Skin              |       |     1 |       |       ||     1
Dodge: Dodged            |    32 |    50 |   132 |   108 ||   322
Block: Shield            |    51 |    47 |   207 |   126 ||   431
       Rpst.: Long sword |     3 |       |     5 |       ||     8
       Scimitar          |       |       |       |    29 ||    29
